 Dungeon Crawl Stone Soup version 0.25.0-33-gff14898491 (webtiles) character file.

Game seed: 10732540810397350095

8694 Peloso the Carver (level 11, -5/83 HPs)
             Began as a Demonspawn Fighter on July 6, 2020.
             Was a High Priest of Okawaru.
             Killed from afar by an ice dragon (41 damage)
             ... with a blast of cold
             ... on level 11 of the Dungeon.
             The game lasted 00:25:55 (13104 turns).

Peloso the Carver (Demonspawn Fighter)             Turns: 13104, Time: 00:25:55

Health: -5/83      AC: 22    Str: 20    XL:     11   Next: 13%
Magic:  0/12       EV: 11    Int: 10    God:    Okawaru [*****.]
Gold:   644        SH: 13    Dex: 12    Spells: 10/10 levels left

rFire    . . .     SeeInvis .   a - +3 falchion (elec)
rCold    . . .     Gourm    .   c - +0 kite shield
rNeg     . . .     Faith    .   B - +0 plate armour
rPois    .         Spirit   +   G - +0 helmet (curse)
rElec    .         Reflect  .   m - +0 cloak
rCorr    .         Harm     .   j - +0 pair of gloves
MR       .....                  i - +0 pair of boots
Stlth    ..........             A - amulet of guardian spirit
HPRegen  0.23/turn              (no ring)
MPRegen  0.13/turn              (no ring)

@: heroism, stab
A: claws 2, demonic guardian 2, sturdy frame 1
a: Heroism, Finesse, Renounce Religion


You were on level 11 of the Dungeon.
You worshipped Okawaru.
Okawaru was extremely pleased with you.
You were near starving.

You visited 2 branches of the dungeon, and saw 12 of its levels.

You collected 644 gold pieces.

Inventory:

Hand Weapons
 a - a +3 falchion of electrocution (weapon)
 s - the +3 dagger of Ahel {vorpal, +Blink +Fly Str-2}
   (You found it on level 5 of the Dungeon)

   It inflicts extra damage upon your enemies.
   It affects your strength (-2).
   It lets you fly.
   It lets you blink.
Missiles
 w - 78 bolts
Armour
 b - a +0 scale mail
 c - a +0 kite shield (worn)
 i - a +0 pair of boots (worn)
 j - a +0 pair of gloves (worn)
 m - a +0 cloak (worn)
 B - a +0 plate armour (worn)
 G - a cursed +0 helmet (worn)
Jewellery
 A - an amulet of guardian spirit (around neck)
Wands
 d - a wand of acid (16)
 y - a wand of clouds (12)
 E - a wand of random effects (17)
Scrolls
 k - 5 scrolls of remove curse
 n - 3 scrolls of noise
 q - 3 scrolls of fog
 r - 5 scrolls of teleportation
 t - a scroll of blinking
 u - a scroll of amnesia
 z - a scroll of magic mapping
 C - 2 scrolls of summoning {unknown}
 D - a scroll of torment {unknown}
 F - 2 scrolls of fear
Potions
 e - a potion of brilliance
 g - 4 potions of flight
 l - 3 potions of haste
 o - 2 potions of invisibility {unknown}
 p - a potion of heal wounds
 x - 2 potions of mutation
Comestibles
 f - 16 rations
 h - 8 chunks of flesh


   Skills:
 + Level 6.8(11.8) Fighting
 + Level 9.1(14.1) Long Blades
 + Level 8.7(13.7) Armour
 + Level 4.0(9.0) Dodging
 + Level 1.3(6.3) Stealth
 + Level 7.8(12.8) Shields
 + Level 1.4 Invocations


You had 10 spell levels left.
You didn't know any spells.
Your spell library contained the following spells:

 Spells                   Type           Power        Failure   Level  Hunger
 Animate Skeleton         Necr           N/A          98%         1    ##.....
 Apportation              Tloc           #.....       98%         1    ##.....
 Corona                   Hex            #......      98%         1    ##.....
 Magic Dart               Conj           #...         98%         1    ##.....
 Summon Small Mammal      Summ           #...         98%         1    ##.....
 Blink                    Tloc           N/A          99%         2    ###....
 Call Imp                 Summ           #.......     99%         2    ###....
 Slow                     Hex            #.......     99%         2    ###....
 Conjure Flame            Conj/Fire      #.......     100%        3    ####...
 Inner Flame              Hex/Fire       #.......     100%        3    ####...
 Mephitic Cloud           Conj/Pois/Air  #.......     100%        3    ####...
 Portal Projectile        Hex/Tloc       #.....       100%        3    ####...
 Cause Fear               Hex            #.........   100%        4    #####..
 Leda's Liquefaction      Hex/Erth       #.........   100%        4    #####..


Dungeon Overview and Level Annotations

Branches:
Dungeon (11/15)            Temple (1/1) D:5            Lair (0/6) D:9
    Orc (0/2) D:10

Altars:
Ashenzari
Cheibriados
Dithmenos
Elyvilon
Fedhas
Hepliaklqana
Kikubaaqudgha
Makhleb
Okawaru
Qazlal
Ru
Sif Muna
Trog
Uskayaw
Vehumet
Wu Jian
Xom
Yredelemnul
Zin
The Shining One

Shops:
D:7 !   D:11 [

Portals:
Ice
Cave: D:11

Annotations:
D:8 double sword


Innate Abilities, Weirdness & Mutations

You have very sharp fingernails.
A demonic guardian rushes to your aid.
Your movements are slightly less encumbered by armour. (ER -2)


Message History

You block the ice dragon's attack. x2
You hit the ice dragon.
The ice dragon is lightly wounded.
You hit the ice dragon.
The ice dragon is moderately wounded.
The ice dragon breathes frost at you. The blast of cold hits you!!
You are near starving!
You barely miss the ice dragon.
The ice dragon is moderately wounded.
The ice dragon barely misses you. The ice dragon claws you.
You block the ice dragon's attack.
You hit the ice dragon.
Lightning courses through the ice dragon!
The ice dragon is moderately wounded.
You closely miss the ice dragon.
The ice dragon is moderately wounded.
The ice dragon breathes frost at you. The blast of cold hits you!!!
You die...

*,,* *..***#......# *,** *#.*
#......# *,* #.## #####.## *,*
##h# #.# *,* ##D## #.#
*****,****##3## ##.# *****
*,*,,,,,#,#..# ####..###..,,
*,*,***,#.#h######.........#**
*,*>,,,,#..5D@.4<..#..######
*,***,**#.##########.##
*,,,,,,5..* #.# **,***###**
#.# *,,,** #.# ***,,* #.# **,*
#.# **** ***+**************+**
*,,,
*,,,,,,,,,**,,,,,,,,*****,,,


You could see an ice dragon (catching breath), a polar bear, a quasit and a
friendly orange demon (summoned).

Vanquished Creatures
  2 two-headed ogres
  An ugly thing (D:11)
  A polar bear (D:11)
  Grinder (D:5)
  A hippogriff (D:8)
  3 wraiths (D:10)
  A vampire (D:8)
  Eustachio (D:5)
  A yak (D:11)
  Edmund (D:4)
  Duvessa (D:6)
  3 ice beasts
  4 orc warriors
  2 sky beasts
  2 black bears
  A phantom (D:4)
  3 ogres
  A wolf (D:11)
  5 centaurs
  A crocodile (D:9)
  2 bullfrogs
  Blork the orc (D:5)
  3 gnoll sergeants (D:8)
  A scorpion (D:9)
  Dowan (D:6)
  A wyvern skeleton (D:9)
  A water moccasin skeleton (D:9)
  3 wights (D:10)
  5 killer bees (D:9)
  3 howler monkeys
  4 centaur zombies
  2 crimson imps
  A jelly (D:7)
  A bullfrog zombie (D:5)
  A quasit (D:6)
  An orc priest (D:9)
  6 hounds
  A bullfrog skeleton (D:8)
  2 centaur skeletons
  2 orc wizards
  Crazy Yiuf (D:2)
  Natasha (D:3)
  2 iguanas
  6 worker ants
  3 hound skeletons
  A worker ant zombie (D:9)
  13 gnolls
  8 adders
  2 shadow imps
  An ooze (D:3)
  5 worms
  2 dart slugs (D:1)
  5 leopard geckos
  16 orcs
  11 bats
  5 giant cockroaches
  5 goblins
  10 hobgoblins
  12 jackals
  4 quokkas
  3 ball pythons
  6 frilled lizards
  9 kobolds
  A leopard gecko skeleton (D:5)
  7 rats
217 creatures vanquished.

Vanquished Creatures (collateral kills)
  Josephine (D:10)
  A two-headed ogre (D:10)
  Prince Ribbit (D:5)
  2 wraiths (D:10)
  An ogre (D:5)
  An orc warrior (D:10)
  2 centaurs (D:11)
  A bullfrog (D:6)
  A scorpion (D:4)
  An orc priest (D:7)
  A hound (D:11)
  A quasit (D:10)
  2 jellies (D:5)
  Natasha (D:3)
  8 orcs
  A giant cockroach (D:4)
26 creatures vanquished.

Grand Total: 243 creatures vanquished

Notes
Turn   | Place    | Note
-------+----------+-------------------------------------------
     0 | D:1      | Peloso the Demonspawn Fighter began the quest for the Orb.
     0 | D:1      | Reached XP level 1. HP: 18/18 MP: 1/1
   184 | D:1      | Gained mutation: A weak demonic guardian rushes to your
                  | aid. [demonic ancestry]
   184 | D:1      | Reached XP level 2. HP: 20/24 MP: 2/2
   308 | D:1      | Reached skill level 2 in Long Blades
  1171 | D:2      | Reached XP level 3. HP: 29/29 MP: 3/3
  2111 | D:2      | Reached XP level 4. HP: 35/35 MP: 4/4
  2469 | D:2      | Found a runed translucent door.
  2470 | D:2      | Noticed Crazy Yiuf
  2957 | D:3      | Found an ornate altar of the Wu Jian Council.
  3177 | D:3      | Noticed Natasha
  3187 | D:3      | Killed Natasha
  3187 | D:3      | Reached skill level 3 in Long Blades
  3338 | D:3      | Reached XP level 5. HP: 41/41 MP: 5/5
  3488 | D:3      | Noticed Natasha
  3497 | D:3      | Killed Natasha
  3667 | D:3      | Found a radiant altar of Vehumet.
  3835 | D:4      | Reached skill level 1 in Dodging
  3878 | D:4      | Noticed Edmund
  4115 | D:4      | Noticed a phantom
  4133 | D:4      | Noticed an ogre
  4133 | D:4      | Noticed an ogre
  4169 | D:4      | Killed an ogre
  4169 | D:4      | Reached XP level 6. HP: 28/48 MP: 6/6
  4292 | D:4      | Killed Edmund
  4292 | D:4      | Reached skill level 4 in Long Blades
  4597 | D:4      | Gained mutation: You have sharp fingernails. [demonic
                  | ancestry]
  4597 | D:4      | Reached XP level 7. HP: 53/53 MP: 7/7
  5144 | D:5      | Entered Level 5 of the Dungeon
  5167 | D:5      | Got a twisted dagger
  5169 | D:5      | Identified the +3 dagger of Ahel {vorpal, +Blink +Fly
                  | Str-2} (You found it on level 5 of the Dungeon)
  5499 | D:5      | Noticed Blork the orc
  5510 | D:5      | Killed Blork the orc
  5731 | D:5      | Noticed Eustachio
  5758 | D:5      | Reached skill level 5 in Long Blades
  5765 | D:5      | HP: 1/54 [orc/+0 dire flail (7)]
  6298 | D:5      | Killed Eustachio
  6298 | D:5      | Reached skill level 5 in Armour
  6298 | D:5      | Gained mutation: You have very sharp fingernails. [demonic
                  | ancestry]
  6298 | D:5      | Reached XP level 8. HP: 37/61 MP: 8/8
  6462 | D:5      | Noticed Prince Ribbit
  6464 | D:5      | Noticed Grinder
  6486 | D:5      | Killed Grinder
  6486 | D:5      | Reached skill level 5 in Shields
  6490 | D:5      | Killed Prince Ribbit
  7139 | D:5      | Found a staircase to the Ecumenical Temple.
  7149 | Temple   | Entered the Ecumenical Temple
  7348 | Temple   | Became a worshipper of Warmaster Okawaru
  7401 | D:6      | Reached skill level 6 in Long Blades
  7471 | D:6      | Noticed Dowan
  7487 | D:6      | Killed Dowan
  7593 | D:6      | Noticed Duvessa
  7607 | D:6      | Killed Duvessa
  7908 | D:6      | Found a shadowy altar of Dithmenos.
  7917 | D:6      | You fall into a shaft and drop 2 floors!
  8038 | D:8      | Gained mutation: Your movements are slightly less
                  | encumbered by armour. (ER -2) [demonic ancestry]
  8038 | D:8      | Reached XP level 9. HP: 66/66 MP: 9/9
  8061 | D:8      | Found a white marble altar of Elyvilon.
  8111 | D:8      | Noticed a two-headed ogre
  8126 | D:8      | Reached * piety under Okawaru
  8132 | D:8      | Killed a two-headed ogre
  8132 | D:8      | Reached skill level 5 in Fighting
  8151 | D:8      | Reached skill level 7 in Long Blades
  8350 | D:8      | Found a blossoming altar of Fedhas.
  8350 | D:8      | Found a bloodstained altar of Trog.
  8425 | D:8      | Reached ** piety under Okawaru
  9198 | D:6      | Reached skill level 1 in Invocations
  9207 | D:6      | Found a hide-covered altar of Uskayaw.
  9611 | D:2      | Killed Crazy Yiuf
 10064 | D:7      | Gained mutation: A demonic guardian rushes to your aid.
                  | [demonic ancestry]
 10064 | D:7      | Reached XP level 10. HP: 75/75 MP: 10/10
 10160 | D:7      | Reached skill level 1 in Stealth
 10175 | D:7      | Found Ymiamia's Distillery.
 10629 | D:9      | Reached skill level 8 in Long Blades
 10761 | D:9      | Reached *** piety under Okawaru
 10775 | D:9      | Found a glowing silver altar of Zin.
 10906 | D:9      | Found a staircase to the Lair.
 11112 | D:9      | Found a shimmering altar of Xom.
 11886 | D:10     | Entered Level 10 of the Dungeon
 11968 | D:10     | Noticed a two-headed ogre
 11980 | D:10     | Killed a two-headed ogre
 11980 | D:10     | Reached **** piety under Okawaru
 12281 | D:10     | Found a staircase to the Orcish Mines.
 12282 | D:10     | Noticed Josephine
 12302 | D:10     | Killed Josephine
 12316 | D:10     | Reached ***** piety under Okawaru
 12628 | D:10     | Noticed a two-headed ogre
 12636 | D:10     | Killed a two-headed ogre
 12696 | D:10     | Reached skill level 9 in Long Blades
 12925 | D:11     | Noticed a purple ugly thing
 12933 | D:11     | Killed a purple ugly thing
 12933 | D:11     | Reached XP level 11. HP: 73/83 MP: 9/12
 12967 | D:11     | Found Yfuehegu's Antique Armour Shoppe.
 13052 | D:11     | Found a frozen archway.
 13084 | D:11     | Noticed an ice dragon
 13104 | D:11     | Killed from afar by an ice dragon

Illustrated notes

Levels and vault maps discovered:
D:1:      dpeg_arrival_round_c, layout_basic, kennysheep_small_spiral
D:2:      layout_basic, uniq_crazy_yiuf_cottage
D:3:      layout_loops_ring, lemuel_round_altar, marbit_many_paths, uniq_natasha
D:4:      layout_cave_pods, first_ration, minmay_misc_feat_alley,
          serial_bayou_pond_d, uniq_edmund
D:5:      layout_basic, temple_hall, minmay_quadrilaterals, uniq_prince_ribbit1,
          uniq_eustachio, uniq_blork_the_orc, uniq_grinder
D:6:      layout_basic, old_standard_altar, nicolae_dithmenos_the_darkroom,
          uniq_duvessa
D:7:      layout_basic, serial_shops, shop
D:8:      layout_rooms, elyvilon_altar_5,
          chequers_temple_overflow_statue_of_worship, sword_in_stone
D:9:      layout_gridville, old_standard_altar, zin_academy, lair_entry_dummy
D:10:     layout_loops_ring, orc_david_3, uniq_josephine
D:11:     layout_roguey, serial_shops, shop,
          portal_ice_cave_entry_animals_and_master
Temple:   minmay_temple_curvy_branch

Skill      XL: |  1  2  3  4  5  6  7  8  9 10 11 |
---------------+----------------------------------+-----
Long Blades    | 2 3 4 5 6 7 9 |  9.1
Shields        | 3 4 5 6 7 |  7.8
Armour         | 3 4 5 6 7 8 |  8.7
Dodging        | 1 2 3 4 |  4.0
Fighting       | 4 5 6 |  6.8
Invocations    | 1 |  1.4
Stealth        | 1 |  1.3

Action                   |  1- 3 |  4- 6 |  7- 9 | 10-12 || total
-------------------------+-------+-------+-------+-------++-------
Melee: Long sword        |   175 |   206 |   156 |       ||   537
       Falchion          |       |       |   266 |   241 ||   507
Invok: Heroism           |       |       |     3 |     3 ||     6
  Use: Scroll            |     3 |     7 |     8 |     2 ||    20
       Potion            |       |     1 |     1 |     5 ||     7
 Stab: Distracted        |       |       |     2 |       ||     2
  Eat: Chunk             |     4 |     7 |    13 |     8 ||    32
       Ration            |       |       |     2 |       ||     2
Armor: Scale mail        |   101 |   110 |   131 |       ||   342
       Plate armour      |       |       |   122 |   129 ||   251
Dodge: Dodged            |    47 |    70 |   147 |   102 ||   366
Block: Kite shield       |   123 |   119 |   248 |   152 ||   642
       Rpst.: Long sword |    20 |    23 |    22 |       ||    65
       Falchion          |       |       |    21 |    27 ||    48
